 Dungeon Crawl Stone Soup version 0.25-a0-645-gb4487340cb (webtiles) character file.

Game seed: 6545614104414672064, levelgen mode: deterministic

165 Froggeryz the Chopper (level 5, 0/45 HPs)
             Began as a Minotaur Fire Elementalist on Mar 21, 2020.
             Slain by an iguana (7 damage)
             ... on level 3 of the Dungeon.
             The game lasted 00:04:01 (3715 turns).

Froggeryz the Chopper (Minotaur Fire Elementalist)  Turns: 3715, Time: 00:04:01

Health: 0/45       AC: 12    Str: 14      XL:     5   Next: 22%
Magic:  6/6        EV: 11    Int: 11 (12) God:
Gold:   140        SH:  0    Dex:  8 (10) Spells: 5/6 levels left

rFire    . . .     SeeInvis +   o - +0 hand axe
rCold    . . .     Gourm    .   (no shield)
rNeg     . . .     Faith    +   q - +3 leather armour
rPois    .         Spirit   .   (helmet restricted)
rElec    .         Reflect  .   e - +0 cloak (curse)
rCorr    +         Harm     .   k - +1 pair of gloves
MR       .....                  g - +2 pair of boots {Fly}
Stlth    +.........             j - amulet of faith
HPRegen  0.15/turn              h - ring of see invisible
MPRegen  0.10/turn              u - ring of resist corrosion

@: flying
A: retaliatory headbutt, horns 2
a: Stop Flying


You were on level 3 of the Dungeon.
You were hungry.

You visited 1 branch of the dungeon, and saw 4 of its levels.

You collected 140 gold pieces.

Inventory:

Hand Weapons
 o - a +0 hand axe (weapon)
Missiles
 t - 12 poisoned darts (quivered)
Armour
 e - a cursed +0 cloak (worn)
 g - a +2 pair of boots of flying (worn)
 k - a +1 pair of gloves (worn)
 q - a +3 leather armour (worn)
Jewellery
 h - a ring of see invisible (left hand)
 j - an amulet of faith (around neck)
 u - a ring of resist corrosion (right hand)
Wands
 m - a wand of paralysis (5)
 p - a wand of disintegration (12)
Scrolls
 a - a scroll of blinking {unknown}
 b - 2 scrolls of teleportation {unknown}
 d - 6 scrolls of identify {unknown}
 f - 2 scrolls of fear {unknown}
 i - 3 scrolls of remove curse {unknown}
 l - a scroll of enchant weapon {unknown}
 n - a scroll of amnesia {unknown}
 s - a scroll of fog {unknown}
Comestibles
 c - 5 rations


   Skills:
 - Level 3.4 Fighting
 * Level 4.1 Axes
 - Level 2.0 Armour
 - Level 2.1 Dodging
 - Level 1.5 Stealth
 - Level 1.3 Spellcasting
 - Level 0.6 Conjurations
 - Level 2.1 Fire Magic


You had 5 spell levels left.
You knew the following spells:

 Your Spells              Type           Power        Failure   Level  Hunger
a - Foxfire               Conj/Fire      #...         22%         1    ##.....

Your spell library contained the following spells:

 Spells                   Type           Power        Failure   Level  Hunger
 Conjure Flame            Conj/Fire      #.......     54%         3    ####...
 Inner Flame              Hex/Fire       #.......     58%         3    ####...
 Sticky Flame             Conj/Fire      #.......     91%         4    #####..
 Fireball                 Conj/Fire      #.........   99%         5    ######.


Dungeon Overview and Level Annotations

Branches:
Dungeon (4/15)
 Temple: D:4-7

Altars:
Nemelex Xobeh
Zin

Annotations:
D:2 1 runed translucent door, Crazy Yiuf


Innate Abilities, Weirdness & Mutations

You reflexively headbutt those who attack you in melee.
You have a pair of horns on your head.


Message History

The iguana is heavily wounded.
The iguana bites you.
You barely miss the iguana.
The iguana is heavily wounded.
The iguana bites you but does no damage.
You closely miss the iguana.
The iguana is heavily wounded.
The iguana bites you but does no damage.
You closely miss the iguana.
The iguana is heavily wounded.
The iguana bites you but does no damage.
The iguana bites you.
* * * LOW HITPOINT WARNING * * *
It was a potion of cancellation.
You feel magically purged. The iguana bites you.
* * * LOW HITPOINT WARNING * * *
You closely miss the iguana.
The iguana is heavily wounded.
The iguana bites you!
You die...

...........<....#
.#..###...#####.#
.#..###...#####.# #######
...)#...........###.....####
##..#.#...##.#.............#
...........#>#...##..#..##.#
##..........÷...s....#..##.#
#.)..........)#l###.#.....#
#..#.#......[.#@###.#.##..#
##..#.#..#.##.##.......##..#
...........##.######.......#
.#..#.#.[.#.#.....#######.####
.#..#.#..###...[..# #.......#
...<....## ##.....# #.##.##.#
.#†##.##.###......# #.##.##.#
.)....###.#.#.....# #....##.#
...#######.######## #.#####.#


You could see an iguana and a giant cockroach.

Vanquished Creatures
  A scorpion (D:3)
  An iguana (D:3)
  An adder (D:2)
  3 worms
  2 dart slugs
  3 leopard geckos
  2 orcs (D:3)
  3 bats
  2 giant cockroaches
  11 hobgoblins
  4 quokkas
  2 ball pythons
  3 frilled lizards
  7 goblins
  6 kobolds
  10 rats
61 creatures vanquished.

Notes
Turn   | Place    | Note
-------+----------+-------------------------------------------
     0 | D:1      | Froggeryz the Minotaur Fire Elementalist began the quest
                  | for the Orb.
     0 | D:1      | Reached XP level 1. HP: 14/14 MP: 1/1
    31 | D:1      | Reached skill level 1 in Fighting
   325 | D:1      | Reached XP level 2. HP: 12/24 MP: 3/3
   522 | D:1      | Reached skill level 1 in Armour
  1474 | D:2      | Reached XP level 3. HP: 19/30 MP: 4/4
  2040 | D:2      | Found a runed translucent door.
  2041 | D:2      | Noticed Crazy Yiuf
  2546 | D:3      | Reached skill level 1 in Axes
  2602 | D:3      | Reached XP level 4. HP: 38/38 MP: 5/5
  2680 | D:3      | Reached skill level 3 in Axes
  3080 | D:3      | Found a sparkling altar of Nemelex Xobeh.
  3431 | D:3      | Found a glowing silver altar of Zin.
  3441 | D:3      | Reached XP level 5. HP: 45/45 MP: 6/6
  3602 | D:3      | Reached skill level 4 in Axes
  3715 | D:3      | Slain by an iguana

Levels and vault maps discovered:
D:1:      lemuel_arrival_rhombus, layout_loops_ring
D:2:      layout_loops_ring, chequers_serial_rivers_micro_d,
          uniq_crazy_yiuf_cottage
D:3:      layout_loops_cross, lemuel_doored_altar,
          nemelex_xobeh_ov_fountains_minmay
D:4:      layout_rooms, minmay_temple_entry_from_below_a,
          okawaru_ov_weapons_minmay

Skill      XL: |  1  2  3  4  5 |
---------------+----------------+-----
Fighting       | 1 2 3 |  3.4
Armour         | 1 2 |  2.0
Axes           | 1 3 4 |  4.1
Dodging        | |  2.1
Stealth        | |  1.5
Spellcasting   | |  1.3
Conjurations   | |  0.6
Fire Magic     | |  2.1

Action                   |  1- 3 |  4- 6 || total
-------------------------+-------+-------++-------
Melee: Unarmed           |    53 |       ||    53
       Headbutt          |    14 |    10 ||    24
       Short sword       |    71 |       ||    71
       Hand axe          |    32 |    75 ||   107
  Use: Potion            |     1 |     1 ||     2
 Stab: Sleeping          |     1 |       ||     1
  Eat: Chunk             |     5 |     3 ||     8
Armor: Robe              |    12 |       ||    12
       Chain mail        |    61 |    18 ||    79
       Leather armour    |       |    16 ||    16
Dodge: Dodged            |    69 |    35 ||   104

Table legend:
 A = Non-vault XP
 B = Vault XP
 C = Vault XP percentage of total XP
 D = Non-vault monster count
 E = Vault monster count
 F = Vault count percentage of total count
                 A         B        C        D         E       F
            +---------+---------+-------+---------+---------+-------
      Total |     237 |       0 |   0.0 |      61 |       0 |   0.0
            +---------+---------+-------+---------+---------+-------
        D:1 |      29 |       0 |   0.0 |      17 |       0 |   0.0
        D:2 |      52 |       0 |   0.0 |      19 |       0 |   0.0
        D:3 |     156 |       0 |   0.0 |      25 |       0 |   0.0
            +---------+---------+-------+---------+---------+-------
